 Dungeon Crawl Stone Soup version 0.13.0-19-g8e0b589 (webtiles) character file.

276 Malachi the Slasher (level 4, -5/36 HPs)
             Began as a Demonspawn Berserker on Oct 24, 2013.
             Was a Priest of Trog.
             Slain by a gnoll
             ... wielding a cursed -3,-1 spear
              (9 damage)
             ... on Level 3 of the Dungeon.
             The game lasted 00:04:15 (1948 turns).

Malachi the Slasher (Demonspawn Berserker)          Turns: 1948, Time: 00:04:15

HP  -5/36        AC  4     Str 18      XL: 4   Next: 71%
MP   3/3         EV 13     Int 14      God: Trog [***...]
Gold 159         SH  0     Dex 12      Spells:  0 memorised,  3 levels left

Res.Fire  : . . .   See Invis. : .   a - +0,+1 falchion
Res.Cold  : + . .   Warding    : .   b - +0 animal skin
Life Prot.: . . .   Conserve   : .   (no shield)
Res.Poison: .       Res.Corr.  : .   (helmet restricted)
Res.Elec. : .       Clarity    : .   (no cloak)
Sust.Abil.: . .     Spirit.Shd : .   e - +1 pair of gauntlets
Res.Mut.  : .       Stasis     : .   (no boots)
Res.Rott. : .       Flight     : .   (no amulet)
Saprovore : . . .                    (no ring)
                                     f - cursed ring of protection from cold {unknown}

@: exhausted, brilliant, slowed, very slow, slightly resistant to hostile
enchantments, unstealthy
A: antennae 1, demonic guardian 1
a: Burn Spellbooks, Berserk, Trog's Hand, Renounce Religion


You were on level 3 of the Dungeon.
You worshipped Trog.
Trog was most pleased with you.
You were very hungry.

You visited 1 branch of the dungeon, and saw 3 of its levels.

You collected 139 gold pieces.

Inventory:

Hand weapons
 a - a +0,+1 falchion (weapon)
Armour
 b - a +0 animal skin (worn)
 e - a +1 pair of gauntlets (worn)
Comestibles
 c - 3 bread rations
 m - a choko
Scrolls
 g - a scroll of recharging {unknown}
 p - 3 scrolls of remove curse {unknown}
Jewellery
 f - a cursed ring of protection from cold (left hand) {unknown}
Potions
 d - a potion of brilliance
 i - a potion of blood
 k - a potion of curing {unknown}
 n - a potion of slowing {unknown}
 o - a potion of paralysis {unknown}
 q - a potion of restore abilities {unknown}
 r - 2 potions of mutation {unknown}
 s - a potion of heal wounds {unknown}


   Skills:
 + Level 3.5 Fighting
 * Level 3.8 Long Blades
 + Level 1.9 Armour
 + Level 3.1 Dodging


You had 3 spell levels left.
You didn't know any spells.

Dungeon Overview and Level Annotations

Branches:
Dungeon (3/27)

Altars:


Innate Abilities, Weirdness & Mutations

You have a pair of small antennae on your head.
A weak demonic guardian rushes to your aid.


Message History

The orc wizard hits your iron imp but does no damage.
The gnoll hits you but does no damage.
Unknown command.
Drink which item? (? for menu, Esc to quit)
You feel more clever all of a sudden.
It was a potion of brilliance.
You are feeling very hungry.
The bat misses you.
The orc wizard hits your iron imp with an orcish dagger.
Your iron imp hits the orc wizard.
The orc wizard dies!
Your Dodging skill increases to level 3!
The gnoll hits you from afar with a runed spear.
* * * LOW HITPOINT WARNING * * *
Drink which item? (? for menu, Esc to quit)
Yuck - this tastes like blood.
It was a potion of blood.
The bat barely misses you. The bat completely misses you.
Your iron imp hits the gnoll.
The gnoll hits you from afar with a runed spear!
You die...

... .... #..# #..#
#..#.# #..#.#
#..#.# # #..#.#
#.#b@#.# #.#%%#.#
#.g%%#.#
#######5.#.######
.......)........<#
#######$..#.######
..................
......#...#.#####
####.#.%##.#


You could see a gnoll, a bat and a friendly iron imp.

Vanquished Creatures
  2 adders (D:2)
  A gnoll (D:1)
  A giant mite (D:1)
  2 giant geckos
  5 orcs (D:3)
  6 bats
  6 hobgoblins
  7 kobolds
  3 giant cockroaches
  6 giant newts
  9 goblins
  7 rats
55 creatures vanquished.

Vanquished Creatures (collateral kills)
  An orc wizard (D:3)
  An orc (D:3)
  A rat (D:3)
3 creatures vanquished.

Grand Total: 58 creatures vanquished

Notes
Turn   | Place    | Note
--------------------------------------------------------------
     0 | D:1      | Malachi, the Demonspawn Berserker, began the quest for the Orb.
     0 | D:1      | Reached XP level 1. HP: 18/18 MP: 0/0
   133 | D:1      | Gained mutation: A weak demonic guardian rushes to your aid. [demonic ancestry]
   133 | D:1      | Reached XP level 2. HP: 18/24 MP: 1/1
   353 | D:1      | Acquired Trog's second power
   479 | D:1      | Reached XP level 3. HP: 8/30 MP: 2/2
  1244 | D:2      | Gained mutation: You have a pair of small antennae on your head. [demonic ancestry]
  1244 | D:2      | Reached XP level 4. HP: 34/36 MP: 3/3
  1948 | D:3      | Slain by a gnoll

Action                   |  1- 3 |  4- 6 || total
-------------------------+-------+-------++-------
Melee: Falchion          |   142 |    47 ||   189
Invok: Berserk           |     1 |     1 ||     2
  Use: Scroll            |     2 |     6 ||     8
       Potion            |       |     2 ||     2
